MLB
LOS ANGELES ANGELS @ ARIZONA DIAMONDBACKS
06/10/2098
 
TOP OF THE 1ST
Los Angeles Angels batting - Pitching for Arizona Diamondbacks : RHP Mike Doe
Pitching: RHP Mike Doe
Batting: LHB Justin Manns 0-0: Ball
1-0: Ground out 6-3 (Groundball, 6MS, EV 66.3 MPH)
Batting: LHB Matt Davis 0-0: Ball
1-0: Ball
2-0: Swinging Strike
2-1: SINGLE (Groundball, 6MD, EV 101.9 MPH)
Batting: LHB Matt Evans 0-0: Ball
1-0: Foul Ball, location: 3F
1-1: Ball
2-1: Foul Ball, location: 2F
2-2: Ball
3-2: Foul Ball, location: 5F
3-2: Fly out, F4 (Popup, 4, EV 68.1 MPH)
Batting: LHB Ramon Bermudez 0-0: Called Strike
0-1: Called Strike
0-2: Ball
1-2: Ball
2-2: Strikes out swinging
Top of the 1st over - 0 runs, 1 hit, 0 errors, 1 left on base; Los Angeles 0 - Arizona 0
BOTTOM OF THE 1ST
Arizona Diamondbacks batting - Pitching for Los Angeles Angels : RHP Matt Yaryan
Pitching: RHP Matt Yaryan
Batting: LHB Travis Lawlor 0-0: Ball
1-0: Ball
2-0: Called Strike
2-1: Foul Ball, location: 2F
2-2: Ball
3-2: Reached on error, E6 (Groundball, 56D, EV 88.1 MPH)
Batting: SHB Jose Medina 0-0: Called Strike
0-1: Called Strike
0-2: Ball
1-2: Strikes out swinging
Batting: LHB Eddy Miramontes 0-0: Ball
1-0: Foul Ball, location: 7LSFF
1-1: Called Strike
Travis Lawlor steals 2nd base
1-2: Foul Ball, location: 5FF
1-2: Ball
2-2: DOUBLE (Flyball, 8LXD, EV 105.6 MPH)
Travis Lawlor scores
Batting: LHB Mike Tinder 0-0: Ball
Wild Pitch!
Eddy Miramontes to third
1-0: Swinging Strike
1-1: Called Strike
1-2: Foul Ball, location: 5F
1-2: Fly out, F8 (Flyball, 8RD, EV 95.0 MPH)
Runner from 3rd tags up, SCORES, throw by CF
Batting: RHB Jesse Cavallaro 0-0: Ball
1-0: SINGLE (Line Drive, 8RS, EV 104.4 MPH)
Batting: LHB Mario Valdez 0-0: Ball
1-0: Ball
2-0: Foul Ball, location: 2F
2-1: Foul Ball, location: 7LMF
2-2: Fly out, F8 (Flyball, 78D, EV 110.6 MPH)
Bottom of the 1st over - 2 runs, 2 hits, 1 error, 1 left on base; Los Angeles 0 - Arizona 2
TOP OF THE 2ND
Los Angeles Angels batting - Pitching for Arizona Diamondbacks : RHP Mike Doe
Batting: RHB David Whitehead 0-0: Called Strike
0-1: Fly out, F8 (Flyball, 8LS, EV 97.5 MPH)
Batting: RHB Tom Aitken 0-0: Ball
1-0: Called Strike
1-1: Swinging Strike
1-2: Foul Ball, location: 2F
1-2: Ball
2-2: Strikes out looking
Batting: RHB Randy Valdez 0-0: Called Strike
0-1: Ball
1-1: SINGLE (Groundball, 6MD, EV 100.6 MPH)
Batting: RHB Juan Cruz 0-0: Foul Ball, location: 2F
0-1: Ball
1-1: Ball
2-1: Foul Ball, location: 9LMF
2-2: SINGLE (Groundball, 6MD, EV 103.1 MPH) (infield hit)
Randy Valdez to second
Batting: RHB Dennis Jackson 0-0: Called Strike
0-1: Swinging Strike
0-2: SINGLE (Groundball, 56D, EV 106.3 MPH)
Randy Valdez to third
Juan Cruz to second
Runner from 3rd tries for Home, SAFE, throw by LF to home
Batting: LHB Justin Manns 0-0: Called Strike
0-1: Fielders Choice at 2nd, 5-4 (Groundball, 56, EV 99.4 MPH)
Top of the 2nd over - 1 run, 3 hits, 0 errors, 2 left on base; Los Angeles 1 - Arizona 2
BOTTOM OF THE 2ND
Arizona Diamondbacks batting - Pitching for Los Angeles Angels : RHP Matt Yaryan
Batting: RHB Gabe Bankole 0-0: Swinging Strike
0-1: Ball
1-1: Ball
2-1: Foul Ball, location: 7LMF
2-2: SOLO HOME RUN (Flyball, 78XD, EV 111.3 MPH), Distance : 442 ft
Batting: RHB Shawn Lindsey 0-0: Ball
1-0: Called Strike
1-1: Ball
2-1: Called Strike
2-2: Fly out, F8 (Line Drive, 8RM, EV 88.8 MPH)
Batting: LHB Alex Castro 0-0: Called Strike
0-1: Ground out 6-3 (Groundball, 6M, EV 85.0 MPH)
Batting: LHB Travis Lawlor 0-0: Swinging Strike
0-1: Ball
1-1: Called Strike
1-2: Fly out, F8 (Flyball, 8RD, EV 104.4 MPH)
Bottom of the 2nd over - 1 run, 1 hit, 0 errors, 0 left on base; Los Angeles 1 - Arizona 3
TOP OF THE 3RD
Los Angeles Angels batting - Pitching for Arizona Diamondbacks : RHP Mike Doe
Batting: LHB Matt Davis 0-0: Ball
1-0: Ball
2-0: Ball
3-0: Swinging Strike
3-1: Swinging Strike
3-2: Strikes out swinging
Batting: LHB Matt Evans 0-0: Called Strike
0-1: Ball
1-1: Ball
2-1: Ball
3-1: SINGLE (Flyball, 7LM, EV 87.5 MPH)
Batting: LHB Ramon Bermudez 0-0: Foul Ball, location: 7LMF
0-1: Hit by Pitch
Matt Evans to second
Batting: RHB David Whitehead 0-0: Foul Ball, location: 9LMF
0-1: Foul Ball, location: 2F
0-2: Ball
1-2: Fly out, F5 (Popup, 25F, EV 81.9 MPH)
Batting: RHB Tom Aitken 0-0: Fielders Choice at 2nd, U4 (Groundball, 4M, EV 84.4 MPH)
Top of the 3rd over - 0 runs, 1 hit, 0 errors, 2 left on base; Los Angeles 1 - Arizona 3
BOTTOM OF THE 3RD
Arizona Diamondbacks batting - Pitching for Los Angeles Angels : RHP Matt Yaryan
Batting: SHB Jose Medina 0-0: Called Strike
0-1: Called Strike
0-2: Ball
1-2: Strikes out swinging
Batting: LHB Eddy Miramontes 0-0: Ground out U3 (Groundball, 34S, EV 88.8 MPH)
Batting: LHB Mike Tinder 0-0: Ball
1-0: Foul Ball, location: 2F
1-1: Fly out, F7 (Flyball, 7LSF, EV 93.8 MPH)
Bottom of the 3rd over - 0 runs, 0 hits, 0 errors, 0 left on base; Los Angeles 1 - Arizona 3
TOP OF THE 4TH
Los Angeles Angels batting - Pitching for Arizona Diamondbacks : RHP Mike Doe
Batting: RHB Randy Valdez 0-0: Ball
1-0: DOUBLE (Flyball, 8RXD, EV 103.1 MPH)
Batting: RHB Juan Cruz 0-0: SINGLE (Line Drive, 56D, EV 98.1 MPH)
Randy Valdez to third
Batting: RHB Dennis Jackson 0-0: Called Strike
0-1: Ball
1-1: Fly out, F7 (Line Drive, 7S, EV 100.6 MPH)
Batting: LHB Justin Manns 0-0: Called Strike
0-1: Ball
Pickoff Throw to First - Error! E1
Randy Valdez scores
Juan Cruz to second
1-1: Swinging Strike
1-2: Ball
2-2: Strikes out swinging
Batting: LHB Matt Davis 0-0: Ball
1-0: Called Strike
1-1: Ground out U3 (Groundball, 34S, EV 86.3 MPH)
Top of the 4th over - 1 run, 2 hits, 1 error, 1 left on base; Los Angeles 2 - Arizona 3
BOTTOM OF THE 4TH
Arizona Diamondbacks batting - Pitching for Los Angeles Angels : RHP Matt Yaryan
Batting: RHB Jesse Cavallaro 0-0: Fly out, F3 (Popup, 3F, EV 72.5 MPH)
Batting: LHB Mario Valdez 0-0: Ball
1-0: Ball
2-0: Fly out, F9 (Flyball, 9D, EV 106.9 MPH)
Batting: RHB Gabe Bankole 0-0: Called Strike
0-1: Swinging Strike
0-2: Strikes out looking
Bottom of the 4th over - 0 runs, 0 hits, 0 errors, 0 left on base; Los Angeles 2 - Arizona 3
TOP OF THE 5TH
Los Angeles Angels batting - Pitching for Arizona Diamondbacks : RHP Mike Doe
Batting: LHB Matt Evans 0-0: Ball
1-0: Ball
2-0: Called Strike
2-1: Ground out 4-3 (Groundball, 4S, EV 82.5 MPH)
Batting: LHB Ramon Bermudez 0-0: Ball
1-0: Ball
2-0: Called Strike
2-1: Ball
3-1: Fly out, F7 (Flyball, 78M, EV 84.4 MPH)
Batting: RHB David Whitehead 0-0: Called Strike
0-1: Foul Ball, location: 2F
0-2: Ball
1-2: Strikes out looking
Top of the 5th over - 0 runs, 0 hits, 0 errors, 0 left on base; Los Angeles 2 - Arizona 3
BOTTOM OF THE 5TH
Arizona Diamondbacks batting - Pitching for Los Angeles Angels : RHP Matt Yaryan
Batting: RHB Shawn Lindsey 0-0: Fly out, F9 (Flyball, 9D, EV 110.6 MPH)
Batting: LHB Alex Castro 0-0: Ball
1-0: Foul Ball, location: 7LDF
1-1: Ball
2-1: Foul Ball, location: 7LMF
2-2: Ground out 6-3 (Groundball, 56, EV 103.8 MPH)
Batting: LHB Travis Lawlor 0-0: Foul Ball, location: 2F
0-1: Foul Ball, location: 2F
0-2: Ball
1-2: Strikes out swinging
Bottom of the 5th over - 0 runs, 0 hits, 0 errors, 0 left on base; Los Angeles 2 - Arizona 3
TOP OF THE 6TH
Los Angeles Angels batting - Pitching for Arizona Diamondbacks : RHP Mike Doe
Batting: RHB Tom Aitken 0-0: Swinging Strike
0-1: Ball
1-1: Ball
2-1: Ball
3-1: Base on Balls
Pitching: LHP Nehemiah Tatum
Batting: RHB Randy Valdez 0-0: Fielders Choice at 2nd, 2-4 (Groundball, 2L, EV 71.3 MPH)
Batting: RHB Juan Cruz 0-0: Foul Ball, location: 2F
0-1: Ball
1-1: Foul Ball, location: 9LSF
1-2: Strikes out swinging
Batting: RHB Dennis Jackson 0-0: SINGLE (Line Drive, 9S, EV 103.8 MPH)
Randy Valdez to second
Batting: LHB Justin Manns 0-0: Called Strike
0-1: Ball
1-1: Fielders Choice at 3rd, U5 (Groundball, 5, EV 90.6 MPH)
Top of the 6th over - 0 runs, 1 hit, 0 errors, 1 left on base; Los Angeles 2 - Arizona 3
BOTTOM OF THE 6TH
Arizona Diamondbacks batting - Pitching for Los Angeles Angels : RHP Matt Yaryan
Batting: SHB Jose Medina 0-0: Called Strike
0-1: Ball
1-1: Foul Ball, location: 5FF
1-2: Ball
2-2: Strikes out swinging
Batting: LHB Eddy Miramontes 0-0: Foul Ball, location: 7LDF
0-1: Ball
1-1: Called Strike
1-2: Strikes out swinging
Batting: LHB Mike Tinder 0-0: Swinging Strike
0-1: Foul Ball, location: 2F
0-2: Ball
1-2: Ground out 6-3 (Groundball, 6MS, EV 63.8 MPH)
Bottom of the 6th over - 0 runs, 0 hits, 0 errors, 0 left on base; Los Angeles 2 - Arizona 3
TOP OF THE 7TH
Los Angeles Angels batting - Pitching for Arizona Diamondbacks : LHP Nehemiah Tatum
Batting: LHB Matt Davis 0-0: Foul Ball, location: 5DF
0-1: Foul Ball, location: 9LSF
0-2: Strikes out swinging
Batting: LHB Matt Evans 0-0: Ground out 5-3 (Groundball, 5, EV 103.8 MPH)
Batting: LHB Ramon Bermudez 0-0: Ball
1-0: Ball
2-0: Called Strike
2-1: Fly out, F8 (Flyball, 8LM, EV 96.9 MPH)
Top of the 7th over - 0 runs, 0 hits, 0 errors, 0 left on base; Los Angeles 2 - Arizona 3
BOTTOM OF THE 7TH
Arizona Diamondbacks batting - Pitching for Los Angeles Angels : RHP Matt Yaryan
Batting: RHB Jesse Cavallaro 0-0: Ball
1-0: DOUBLE (Flyball, 8RXD, EV 101.3 MPH)
Batting: LHB Mario Valdez 0-0: Intentional Walk
Batting: RHB Gabe Bankole 0-0: Swinging Strike
0-1: Ball
1-1: Called Strike
1-2: Ball
2-2: Strikes out swinging
Batting: RHB Shawn Lindsey 0-0: Ball
1-0: Ball
2-0: Ball
3-0: Called Strike
3-1: Called Strike
3-2: Fly out, F9 (Flyball, 9S, EV 88.1 MPH)
Pitching: RHP Rick Graves
Batting: LHB Alex Castro 0-0: Called Strike
0-1: Foul Ball, location: 2F
0-2: Foul Ball, location: 2F
0-2: Ball
1-2: Fielders Choice at 3rd, U5 (Groundball, 5L, EV 92.5 MPH)
Bottom of the 7th over - 0 runs, 1 hit, 0 errors, 1 left on base; Los Angeles 2 - Arizona 3
TOP OF THE 8TH
Los Angeles Angels batting - Pitching for Arizona Diamondbacks : LHP Nehemiah Tatum
Batting: RHB David Whitehead 0-0: Called Strike
0-1: Ball
1-1: Foul Ball, location: 25F
1-2: SINGLE (Groundball, 56S, EV 83.1 MPH) (infield hit)
Pitching: RHP James Gallegos
Pinch Hitting: LHB Trevor Martz 0-0: Grounds into double play, 5-4-3 (Groundball, 5L, EV 86.3 MPH)
Batting: RHB Randy Valdez 0-0: Foul Ball, location: 5FF
0-1: Ball
1-1: Ball
2-1: Fly out, F7 (Flyball, 78M, EV 106.3 MPH)
Top of the 8th over - 0 runs, 1 hit, 0 errors, 0 left on base; Los Angeles 2 - Arizona 3
BOTTOM OF THE 8TH
Arizona Diamondbacks batting - Pitching for Los Angeles Angels : RHP Rick Graves
Now in LF: Trevor Martz
Batting: LHB Travis Lawlor 0-0: Called Strike
0-1: Foul Ball, location: 5FF
0-2: Foul Ball, location: 5FF
0-2: Ball
1-2: Strikes out swinging
Batting: SHB Jose Medina 0-0: Ball
1-0: Swinging Strike
1-1: Ball
2-1: SINGLE (Flyball, 7LS, EV 96.3 MPH)
Batting: LHB Eddy Miramontes 0-0: Called Strike
0-1: Called Strike
0-2: Foul Ball, location: 7LMF
0-2: Ball
1-2: Foul Ball, location: 7LSFF
1-2: Ball
2-2: Foul Ball, location: 7LMF
2-2: Ball
3-2: Fly out, F9 (Flyball, 9, EV 92.5 MPH)
Batting: LHB Mike Tinder 0-0: Called Strike
0-1: Fly out, F8 (Flyball, 8LM, EV 91.3 MPH)
Bottom of the 8th over - 0 runs, 1 hit, 0 errors, 1 left on base; Los Angeles 2 - Arizona 3
TOP OF THE 9TH
Los Angeles Angels batting - Pitching for Arizona Diamondbacks : RHP James Gallegos
Pitching: RHP Enrique Vargas
Pinch Hitting: SHB Ross Chambers 0-0: Ball
1-0: Ball
2-0: Called Strike
2-1: Ball
3-1: Base on Balls
Batting: RHB Dennis Jackson 0-0: Bunted foul
0-1: Bunted foul
0-2: Ball
1-2: Ball
2-2: Fly out, F7 (Flyball, 78S, EV 93.1 MPH)
Batting: LHB Justin Manns 0-0: Fielders Choice at 2nd, 3-6 (Groundball, 3, EV 106.3 MPH)
Batting: LHB Matt Davis 0-0: Foul Ball, location: 2F
0-1: Ball
1-1: Foul Ball, location: 2F
1-2: Strikes out swinging
Top of the 9th over - 0 runs, 0 hits, 0 errors, 1 left on base; Los Angeles 2 - Arizona 3
Saturday, April 6th , 2024 - OOTP Baseball 24.11 Build 85